 Dungeon Crawl Stone Soup version 0.27-a0-1502-g47ed6a6988 (webtiles) character file.

Game seed: 2987330204964494701

12702 Lanoc the Arsonist (level 11, -13/74 HPs)
             Began as a Purple Draconian Conjurer on July 9, 2021.
             Was a Believer of Ru.
             Mangled by a minotaur (25 damage)
             ... on level 11 of the Dungeon.
             The game lasted 00:29:22 (13508 turns).

Lanoc the Arsonist (Purple Draconian Conjurer)     Turns: 13508, Time: 00:29:23

Health: -13/74     AC: 15    Str: 13      XL:     11   Next: 65%
Magic:  7/14       EV: 17    Int: 20 (21) God:    Ru [**....]
Gold:   1603       SH:  0    Dex:  6 (8)  Spells: 3/14 levels left

rFire    + . .     SeeInvis .   a - staff of conjuration
rCold    + . .     Faith    .   (no shield)
rNeg     . . .     Spirit   .   (armour unavailable)
rPois    .         Reflect  .   (helmet restricted)
rElec    +         Harm     .   x - scarf {rC+ rF+}
rCorr    +         Rampage  .   (no gloves)
Will     +....                  q - +3 pair of boots of Tinafrun {Str+3}
Stlth    +.........             I - amulet of magic regeneration
HPRegen  0.22/turn              u - ring of the Rose {+Blink rElec rCorr EV+4 Dex-2}
MPRegen  0.39/turn              w - +4 ring of protection

@: unable to drink, very slightly contaminated
A: no potions, breathe power, AC +7, unfitting armour, cold-blooded, inability
to drink while threatened, no hexes magic, no poison magic, no summoning magic
a: Breathe Dispelling Energy, Renounce Religion, Evoke Blink


You were on level 11 of the Dungeon.
You worshipped Ru.
Ru was pleased with you.
You visited 2 branches of the dungeon, and saw 12 of its levels.
You also visited: Gauntlet.

You collected 1603 gold pieces.

Inventory:

Hand Weapons
 i - the +8 arbalest of Zin's Inspiration {penet, rC++ Will+ Int-3 Stlth+}
   (You found it in a Gauntlet)

   Ammo fired by it passes through the targets it hits, potentially hitting all
   targets in its path until it reaches maximum range.
   Int:       It affects your intelligence (-3).
   rC:        It greatly protects you from cold.
   Will:      It increases your willpower.
   Stlth:     It makes you more stealthy.
 m - a +4 quarterstaff of chaos
Missiles
 o - 3 throwing nets
 J - a curare-tipped dart
Armour
 q - the +3 pair of boots of Tinafrun (worn) {Str+3}
   (You found it in a Gauntlet)

   Str:       It affects your strength (+3).
 x - a scarf of resistance (worn)
Magical Staves
 a - a staff of conjuration (weapon)
 M - a staff of fire
Jewellery
 d - a ring of positive energy
 u - the ring of the Rose (left hand) {+Blink rElec rCorr EV+4 Dex-2}
   (You acquired it on level 11 of the Dungeon)

   [ring of evasion]

   EV:        It affects your evasion (+4).
   Dex:       It affects your dexterity (-2).
   rElec:     It insulates you from electricity.
   +Blink:    It lets you blink.
   rCorr:     It protects you from acid and corrosion.
 w - a +4 ring of protection (right hand)
 C - the ring of the Screaming Fool {Will+ Dex+2}
   (You found it on level 7 of the Dungeon)

   [ring of willpower]

   Dex:       It affects your dexterity (+2).
   Will:      It increases your willpower.
 I - an amulet of magic regeneration (around neck)
 K - a ring of poison resistance
Wands
 h - a wand of polymorph (9)
 y - a wand of iceblast (22)
 D - a wand of flame (5)
Scrolls
 b - 2 scrolls of enchant weapon
 c - 4 scrolls of teleportation
 e - 2 scrolls of fear
 l - a scroll of blinking
 n - 2 scrolls of amnesia
 B - 5 scrolls of identify
 E - a scroll of holy word
 F - 2 scrolls of fog
 G - a scroll of enchant armour
Potions
 f - a potion of lignification
 g - a potion of magic
 j - 3 potions of curing
 s - 2 potions of haste
 t - a potion of might
 v - a potion of invisibility
 z - a potion of ambrosia


   Skills:
 + Level 9.8 Dodging
 - Level 1.7 Stealth
 - Level 2.4 Spellcasting
 - Level 10.0 Conjurations
 * Level 12.5 Fire Magic


You had 3 spell levels left.
You knew the following spells:

 Your Spells              Type           Power      Damage    Failure   Level
b - Searing Ray           Conj           100%       3d7       1%          2
c - Fireball              Conj/Fire      31%        3d13      4%          5
d - Sticky Flame          Conj/Fire      63%        2d8       1%          4

Your spell library contained the following spells:

 Spells                   Type           Power      Damage    Failure   Level
 Magic Dart               Conj           100%       1d8       1%          1
 Shock                    Conj/Air       100%       1d9       1%          1
 Static Discharge         Conj/Air       33%        N/A       3%          2
 Sandblast                Erth           4%         2d4       16%         1
 Passwall                 Tmut/Erth      1%         N/A       22%         2
 Sublimation of Blood     Necr           1%         N/A       22%         2
 Wereblood                Tmut           2%         N/A       22%         2
 Frozen Ramparts          Ice            4%         1d2       41%         3
 Swiftness                Air            2%         N/A       41%         3
 Iskenderun's Mystic Bla  Conj/Tloc      33%        2d8       19%         4
 Starburst                Conj/Fire      31%        8x6d10    22%         6
 Freezing Cloud           Conj/Ice/Air   11%        6-21      71%         5
 Airstrike                Air            1%         N/A       83%         4
 Dispel Undead            Necr           2%         3d7       83%         4
 Ice Form                 Ice/Tmut       2%         N/A       83%         4
 Passage of Golubria      Tloc           N/A        N/A       83%         4
 Lee's Rapid Deconstruct  Erth           1%         3d5*      99%         5
 Ignition                 Fire           25%        3d9       99%         8
 Dazzling Flash           Conj/Hex       Unusable   N/A       N/A         3
 Mephitic Cloud           Conj/Pois/Air  Unusable   N/A       N/A         3
 Summon Small Mammal      Summ           Unusable   N/A       N/A         1
 Call Imp                 Summ           Unusable   N/A       N/A         2
 Poisonous Vapours        Pois/Air       Unusable   N/A       N/A         2
 Call Canine Familiar     Summ           Unusable   N/A       N/A         3
 Portal Projectile        Hex/Tloc       Unusable   N/A       N/A         3
 Summon Guardian Golem    Hex/Summ       Unusable   N/A       N/A         3
 Tukima's Dance           Hex            Unusable   N/A       N/A         3
 Fulminant Prism          Conj/Hex       Unusable   3d11      N/A         4
 Leda's Liquefaction      Hex/Erth       Unusable   N/A       N/A         4
 Summon Ice Beast         Ice/Summ       Unusable   N/A       N/A         4
 Yara's Violent Unravell  Hex/Tmut       Unusable   3d3       N/A         5
 Summon Hydra             Summ           Unusable   N/A       N/A         7

Dungeon Overview and Level Annotations

Branches:
Dungeon (11/15)            Temple (1/1) D:5            Lair (0/6) D:10
Gauntlet (visited)
    Orc: D:9-12

Altars:
Ashenzari
Cheibriados
Dithmenos
Elyvilon
Fedhas
Gozag
Hepliaklqana
Kikubaaqudgha
Makhleb
Nemelex Xobeh
Okawaru
Qazlal
Ru
Sif Muna
Trog
Uskayaw
Vehumet
Wu Jian
Xom
Yredelemnul
Zin
The Shining One

Shops:
D:8 (   D:9 (


Innate Abilities, Weirdness & Mutations

You cannot drink.
You can breathe bolts of dispelling energy.
Your rich purple scales are hard. (AC +7)
You cannot fit into any form of body armour.
You are cold-blooded and may be slowed by cold attacks.
You sometimes lose the ability to drink potions when taking damage.
You cannot study or cast Hexes magic.
You cannot study or cast Poison magic.
You cannot study or cast Summoning magic.


Message History

There is an entrance to an ice cave on this level.
Hurry and find it before the portal melts!
The walls and floor vibrate strangely for a moment.
There is an empty arch of ancient stone here.
There is a stone staircase leading down here.
You can drink potions again.
The minotaur throws a javelin.
A minotaur is nearby!
You flicker for a moment.
The minotaur throws a javelin.
The javelin pierces through you!
You feel threatened and lose the ability to drink potions!
* * * LOW HITPOINT WARNING * * *
Okay, then.
Casting: Searing Ray (safe; 1% risk of failure)
Confirm with . or Enter, or press ? or * to list all spells.
Aiming: Searing Ray (safe; 1% risk of failure)
Press: ? - help, Shift-Dir - straight line, f - minotaur
Aim: a minotaur, wielding a +1 vampiric long sword, wearing a +0 plate armour, wearing a ring of resist corrosion and quivering javelins (92% to hit)
You feel a surge of power!
The searing ray hits the minotaur but does no damage. (Press . to maintain the ray.)
You flicker back into view.
The searing ray hits the minotaur.
The minotaur is lightly wounded.
The searing ray hits the minotaur.
The minotaur is lightly wounded.
The searing ray hits the minotaur.
The minotaur is lightly wounded.
You finish channeling your searing ray.
The minotaur is stunned by your conviction and fails to attack.
Casting: Searing Ray (safe; 1% risk of failure)
Confirm with . or Enter, or press ? or * to list all spells.
Aiming: Sticky Flame (dangerous; 1% risk of failure)
Press: ? - help, Shift-Dir - straight line, f/p - minotaur
Aim: a minotaur, wielding a +1 vampiric long sword, wearing a +0 plate armour, wearing a ring of resist corrosion and quivering javelins (lightly wounded, 100% to hit)
You feel a surge of power!
The sticky flame hits the minotaur!
The minotaur is moderately wounded.
The minotaur is covered in liquid flames!
The minotaur burns!
The minotaur hits you with a +1 vampiric long sword!!
You die...

....#
........#.....#.....#....
....#
........#.....#.....#....
....#
........#.....#.....#....
....#
........#.....#.....#....
.####
#####...####..#######....
.....
#......#.............
.....
#......#.............
.....
#...H..#.............
....B
#...@..#.............
.....
#......#.............
.....
#......#.............
.....
#......#.............
.....
#......#.............
#####
#####################


You could see a minotaur (burning).

Vanquished Creatures
  An entropy weaver (Gauntlet)
  Fannar (D:10)
  A boulder beetle (D:11)
  A two-headed ogre (D:9)
  Pikel (D:7)
  An ugly thing (D:8)
  Psyche (D:9)
  A jumping spider (Gauntlet)
  A merfolk (D:9)
  A raiju (Gauntlet)
  3 vampires
  A wraith (D:10)
  6 yaks (D:8)
  4 steam dragons
  Grum (D:9)
  A water moccasin (D:5)
  Duvessa (D:7)
  3 sky beasts
  A hornet zombie (D:7)
  6 orc warriors
  2 black bears (D:10)
  An ogre (D:4)
  A centaur (D:5)
  2 wolves (D:9)
  A lemure (D:7)
  A phantom (D:4)
  4 kobold brigands
  A gnoll sergeant (D:10)
  6 bullfrogs
  A scorpion (D:5)
  Dowan (D:7)
  A water moccasin skeleton (D:5)
  A wyvern skeleton (D:6)
  17 killer bees
  6 wights (D:9)
  A howler monkey (D:10)
  An electric eel (D:9)
  5 centaur zombies
  A bullfrog zombie (D:7)
  3 orc priests
  Crazy Yiuf (D:3)
  3 hounds
  2 jellies
  3 centaur skeletons
  Jessica (D:3)
  2 bullfrog skeletons
  3 iguanas
  4 gnoll shamans
  4 orc wizards
  2 howler monkey zombies
  4 adders
  23 gnolls
  2 white imps (D:6)
  An ufetubus (D:5)
  A worm (D:2)
  A dart slug (D:1)
  29 orcs
  9 endoplasms
  A giant cockroach (D:1)
  7 goblins
  8 hobgoblins
  4 jackals
  5 quokkas
  14 ball pythons
  3 bats
  4 frilled lizards
  27 kobolds
  2 rats
264 creatures vanquished.

Vanquished Creatures (others)
  A kobold (D:10)
  6 fungi
  18 plants
25 creatures vanquished.

Grand Total: 289 creatures vanquished

Notes
Turn   | Place    | Note
-------+----------+-------------------------------------------
     0 | D:1      | Lanoc the Draconian Conjurer began the quest for the Orb.
     0 | D:1      | Reached XP level 1. HP: 14/14 MP: 3/3
   334 | D:1      | Reached XP level 2. HP: 20/20 MP: 3/5
   339 | D:1      | Learned a level 2 spell: Searing Ray
   864 | D:1      | Reached XP level 3. HP: 26/26 MP: 2/6
  1389 | D:2      | Reached skill level 5 in Conjurations
  1964 | D:3      | Noticed Jessica
  1968 | D:3      | Killed Jessica
  1969 | D:3      | Reached XP level 4. HP: 33/33 MP: 2/7
  2749 | D:3      | Reached XP level 5. HP: 38/38 MP: 3/8
  3213 | D:3      | Found a runed translucent door.
  3214 | D:3      | Noticed Crazy Yiuf
  3219 | D:3      | Killed Crazy Yiuf
  3251 | D:4      | Noticed a phantom
  3255 | D:4      | Killed a phantom
  3332 | D:4      | Reached XP level 6. HP: 45/45 MP: 0/9
  4207 | D:4      | Your scales start taking on a rich purple colour.
  4207 | D:4      | Reached XP level 7. HP: 39/50 MP: 5/10
  4591 | D:5      | Entered Level 5 of the Dungeon
  4842 | D:5      | Found a staircase to the Ecumenical Temple.
  4856 | Temple   | Entered the Ecumenical Temple
  4966 | Temple   | Became a worshipper of Ru the Awakened
  5408 | D:5      | Reached skill level 5 in Dodging
  5408 | D:5      | Reached XP level 8. HP: 29/57 MP: 8/11
  5703 | D:5      | Learned a level 5 spell: Fireball
  5743 | D:6      | Reached skill level 1 in Fire Magic
  5861 | D:6      | Found a sparkling altar of Nemelex Xobeh.
  5867 | D:6      | Reached skill level 2 in Fire Magic
  6207 | D:6      | Reached skill level 3 in Fire Magic
  6838 | D:7      | Gained mutation: You sometimes lose the ability to drink
                  | potions when taking damage. [Ru sacrifice]
  6838 | D:7      | Reached * piety under Ru
  6923 | D:7      | Reached skill level 4 in Fire Magic
  6962 | D:7      | Identified the ring of the Screaming Fool {Will+ Dex+2}
  7014 | D:7      | Reached XP level 9. HP: 62/62 MP: 3/12
  7087 | D:7      | Noticed Pikel
  7094 | D:7      | Killed Pikel
  7095 | D:7      | Reached skill level 10 in Conjurations
  7095 | D:7      | Reached skill level 5 in Fire Magic
  7162 | D:7      | Reached skill level 6 in Fire Magic
  7432 | D:7      | Noticed Duvessa
  7438 | D:7      | Noticed Dowan
  7440 | D:7      | Killed Duvessa
  7460 | D:7      | Killed Dowan
  7631 | D:7      | Reached skill level 7 in Fire Magic
  8167 | D:8      | Found Ikheat's Antique Weapon Shoppe.
  8377 | D:8      | Noticed a white ugly thing
  8401 | D:8      | Killed a white ugly thing
  8402 | D:8      | Reached skill level 8 in Fire Magic
  8402 | D:8      | Reached XP level 10. HP: 28/69 MP: 0/13
  8655 | D:8      | Reached skill level 9 in Fire Magic
  9436 | D:9      | Found Voebb's Antique Weapon Emporium.
  9489 | D:9      | Noticed Psyche
  9494 | D:9      | Killed Psyche
  9520 | D:9      | Reached skill level 10 in Fire Magic
  9772 | D:9      | Noticed a two-headed ogre
  9791 | D:9      | Killed a two-headed ogre
  9975 | D:9      | Learned a level 4 spell: Sticky Flame
 10241 | D:9      | Noticed Grum
 10247 | D:9      | Killed Grum
 10248 | D:9      | Reached XP level 11. HP: 74/74 MP: 8/14
 10359 | D:9      | Gained mutation: You cannot study or cast Poison magic. [Ru
                  | sacrifice]
 10359 | D:9      | Gained mutation: You cannot study or cast Hexes magic. [Ru
                  | sacrifice]
 10359 | D:9      | Gained mutation: You cannot study or cast Summoning magic.
                  | [Ru sacrifice]
 10359 | D:9      | Reached ** piety under Ru
 10913 | D:10     | Entered Level 10 of the Dungeon
 10926 | D:10     | Reached skill level 11 in Fire Magic
 11138 | D:10     | Noticed Fannar
 11526 | D:10     | Killed Fannar
 11957 | D:10     | Found a staircase to the Lair.
 12040 | D:11     | Noticed a boulder beetle
 12044 | D:11     | Identified 2 scrolls of acquirement
 12044 | D:11     | Acquired a staff of fire
 12046 | D:11     | Acquired the ring of the Rose {+Blink rElec rCorr EV+4
                  | Dex-2}
 12114 | D:11     | Acquired 911 gold pieces
 12151 | D:11     | Noticed a boulder beetle
 12168 | D:11     | HP: 2/74 [boulder beetle (39)]
 12173 | D:11     | Killed a boulder beetle
 12174 | D:11     | Reached skill level 12 in Fire Magic
 12179 | D:11     | HP: 2/74 [centaur warrior zombie (3)]
 12189 | D:11     | Found a gate leading to a gauntlet.
 12200 | Gauntlet | Entered a Gauntlet
 12200 | Gauntlet | Found a transporter.
 12200 | Gauntlet | Found a transporter.
 12272 | Gauntlet | Noticed a catoblepas
 12509 | Gauntlet | Found a transporter.
 12509 | Gauntlet | Found a transporter.
 12520 | Gauntlet | Found a transporter.
 12533 | Gauntlet | Found a transporter.
 12533 | Gauntlet | Found a large runed translucent door.
 12534 | Gauntlet | Found a large runed translucent door.
 12534 | Gauntlet | Noticed an entropy weaver
 12536 | Gauntlet | Found a runed translucent gate.
 12537 | Gauntlet | Found a transporter.
 12537 | Gauntlet | Found a transporter.
 12537 | Gauntlet | Found a runed translucent gate.
 12538 | Gauntlet | Found a runed translucent gate.
 12540 | Gauntlet | Found a large runed translucent door.
 12541 | Gauntlet | Found a large runed translucent door.
 12541 | Gauntlet | Noticed a hell hog
 12553 | Gauntlet | Found a large runed translucent door.
 12553 | Gauntlet | Found a large runed translucent door.
 12554 | Gauntlet | Found a large runed translucent door.
 12554 | Gauntlet | Found a large runed translucent door.
 12561 | Gauntlet | Found a transporter.
 12564 | Gauntlet | Found a large runed translucent door.
 12564 | Gauntlet | Found a large runed translucent door.
 12564 | Gauntlet | Found a runed translucent door.
 12564 | Gauntlet | Found a runed translucent door.
 12565 | Gauntlet | Found a large runed translucent door.
 12566 | Gauntlet | Found a large runed translucent door.
 12568 | Gauntlet | Found a transporter.
 12580 | Gauntlet | Found a transporter.
 12624 | Gauntlet | Found a transporter.
 12635 | Gauntlet | Found a transporter.
 12651 | Gauntlet | Found a transporter.
 12667 | Gauntlet | Found a large runed translucent door.
 12667 | Gauntlet | Found a large runed translucent door.
 12668 | Gauntlet | Found a large runed translucent door.
 12669 | Gauntlet | Found a large runed translucent door.
 12754 | Gauntlet | Found a transporter.
 12768 | Gauntlet | Found a transporter.
 12980 | Gauntlet | Identified the +8 arbalest of Zin's Inspiration {penet,
                  | rC++ Will+ Int-3 Stlth+}
 13173 | Gauntlet | Killed an entropy weaver
 13187 | Gauntlet | Identified the +3 pair of boots of Tinafrun {Str+3}
 13463 | Gauntlet | Noticed a minotaur
 13508 | D:11     | Mangled by a minotaur

Illustrated notes

Levels and vault maps discovered:
D:1:      nzn_arrival_water_spiral, layout_basic
D:2:      layout_basic
D:3:      layout_basic, uniq_jessica, uniq_crazy_yiuf_cottage
D:4:      layout_basic
D:5:      layout_loops_cross, minmay_temple_entry_large_hall, kennysheep_dice
D:6:      layout_rooms, lemuel_tele_altar, st_stairs_11, nrook_campfire
D:7:      layout_rooms, minivault_10, hangedman_decor_growths, uniq_duvessa,
          uniq_pikel
D:8:      minmay_curly_fans, layout_basic, serial_shops, kennysheep_little_box
D:9:      layout_loops_ring, serial_shops, shop, kennysheep_cross_bottleneck,
          roderic_serpentine_path, hangedman_fish_farm, uniq_grum, uniq_psyche
D:10:     layout_roguey, grunt_lair_entry_orc_guard_hut, uniq_fannar
D:11:     layout_grid_maze, portal_ice_cave_entry_imps, gauntlet_entry_generic
Temple:   grunt_wide_crystal_templ

Skill      XL: |  1  2  3  4  5  6  7  8  9 10 11 |
---------------+----------------------------------+-----
Dodging        | 2 3 4 5 7 8 9 |  9.8
Conjurations   | 5 6 7 8 9 10 | 10.0
Fire Magic     | 4 8 10 12 | 12.5
Stealth        | |  1.7
Spellcasting   | |  2.4

Action                   |  1- 3 |  4- 6 |  7- 9 | 10-12 || total
-------------------------+-------+-------+-------+-------++-------
Melee: Staff             |    22 |    14 |    69 |    44 ||   149
       Unarmed           |     1 |       |       |       ||     1
       Tailslap          |     1 |       |     4 |     5 ||    10
 Cast: Magic Dart        |    59 |    53 |    17 |     3 ||   132
       Searing Ray       |     2 |    15 |    56 |    65 ||   138
       Sticky Flame      |       |       |       |     2 ||     2
       Fireball          |       |       |       |     1 ||     1
Invok: Sacrifice Drink   |       |       |     1 |       ||     1
       Sacrifice Arcana  |       |       |       |     1 ||     1
 Abil: Breathe Dispellin |       |       |     6 |    11 ||    17
       Evoke Blink       |       |       |       |     1 ||     1
Evoke: Wand              |       |       |       |     8 ||     8
  Use: Potion            |       |       |     1 |    11 ||    12
       Scroll            |       |       |       |    14 ||    14
Armor: Skin              |     8 |    14 |    59 |    89 ||   170
Dodge: Dodged            |    27 |    19 |   105 |   168 ||   319
Block: Other             |       |       |    32 |     4 ||    36
       Reflection        |       |       |     1 |       ||     1

Table legend: (Time is in decaauts)
 A = Elapsed time spent in this place.
 B = Non-inter-level travel time spent in this place.
 C = Inter-level travel time spent in this place.
 D = Time resting spent in this place.
 E = Time spent auto-exploring this place.
 F = Levels seen in this place.
 G = Mean time per level.
                   A        B        C        D        E       F      G
               +--------+--------+--------+--------+--------+-----+--------+
         Total |  13541 |  13255 |    286 |    956 |  10506 |  13 | 1041.6 |
       Dungeon |  12137 |  11876 |    261 |    493 |   9800 |  11 | 1103.4 |
        Temple |    118 |     93 |     25 |      0 |     84 |   1 |  118.0 |
      Gauntlet |   1285 |   1285 |      0 |    463 |    622 |   1 | 1285.0 |
               +--------+--------+--------+--------+--------+-----+--------+

Top non-repeatable levels by time:
     D:9: 1988 daAuts
     D:7: 1650 daAuts
     D:4: 1348 daAuts
     D:3: 1322 daAuts
Gauntlet: 1285 daAuts
     D:1: 1183 daAuts
     D:5: 1019 daAuts
     D:6: 943 daAuts
     D:8: 931 daAuts
    D:10: 816 daAuts
     D:2: 745 daAuts
    D:11: 186 daAuts
  Temple: 118 daAuts
